 Dungeon Crawl Stone Soup version 0.28-a0-1555-g9ae15a6949 (webtiles) character file.

Game seed: 7901810075009150038

72 psuckher the Sneak (level 4, -3/55 HPs)
             Began as a Barachi Delver on Jan 18, 2022.
             Slain by a gnoll (5 damage)
             ... on level 5 of the Dungeon.
             The game lasted 00:06:11 (716 turns).

psuckher the Sneak (Barachi Delver)                  Turns: 716, Time: 00:06:13

Health: -3/55      AC: 22    Str: 15    XL:     4   Next: 25%
Magic:  4/4        EV:  2    Int: 10    God:
Gold:   47         SH:  0    Dex: 14    Spells: 3/3 levels left

rFire   . . .      SeeInvis .   a - +0 short sword
rCold   . . .      Faith    .   (no shield)
rNeg    . . .      Spirit   .   (armour currently unavailable)
rPois   +          Reflect  .   (helmet currently unavailable)
rElec   .          Harm     .   (cloak currently unavailable)
rCorr   .          Rampage  .   (gloves currently unavailable)
Will    .....      NoTele   +   (boots currently unavailable)
Stlth   +++.......              (no amulet)
HPRegen 0.18/turn               h - +4 ring of evasion
MPRegen 0.09/turn               (no ring)

@: tree-form (expiring)
A: stationary, stasis, torment immunity, boosted hp, (amphibious), (slowness 1),
(strong legs 1), +LOS
a: no special abilities


You were on level 5 of the Dungeon.
You were a tree.
You visited 1 branch of the dungeon, and saw 1 of its levels.

You collected 47 gold pieces.

Inventory:

Hand Weapons
 a - a +0 short sword (weapon)
Armour
 b - a +0 leather armour (melded)
Jewellery
 h - a +4 ring of evasion (left branch)
Wands
 g - a wand of digging (3)
Potions
 f - a potion of haste


   Skills:
 + Level 4.1 Fighting
 + Level 2.4 Short Blades
 + Level 1.0 Armour
 + Level 2.4 Dodging
 + Level 5.5 Stealth


You had 3 spell levels left.
You didn't know any spells.
Your spell library was empty.

Dungeon Overview and Level Annotations

Branches:
Dungeon (5/15)
 Temple: D:4-7

Altars:
Ru


Innate Abilities, Weirdness & Mutations

You are a tree.
Your roots penetrate the ground, keeping you stationary.
You cannot be teleported.
You are immune to unholy pain and torment.
Your maximum health is greatly increased.
Your equipment is partially melded.
((You are amphibious.))
((You cover ground slowly.))
((You can hop short distances.))
You have an extended range of vision and can be seen from far away.


Message History

Orders for allies: a - Attack new target. r - Retreat! s - Stop attacking. g - Guard the area. f - Follow me.
Anything else - Cancel.
You creak for attention!
The gnoll hits you but does no damage. What are your orders? t - Creak!
Orders for allies: a - Attack new target. r - Retreat! s - Stop attacking. g - Guard the area. f - Follow me.
Anything else - Cancel.
You creak for attention!
The gnoll hits you but does no damage. What are your orders? t - Creak!
Orders for allies: a - Attack new target. r - Retreat! s - Stop attacking. g - Guard the area. f - Follow me.
Anything else - Cancel.
You creak for attention!
Your transformation is almost over.
The gnoll hits you from afar with a +0 spear.
* * * LOW HITPOINT WARNING * * *
The gnoll hits you but does no damage. The gnoll shaman barely misses you.
What are your orders? t - Creak!
Orders for allies: a - Attack new target. r - Retreat! s - Stop attacking. g - Guard the area. f - Follow me.
Anything else - Cancel.
Okay, then.
You cannot move.
You hit the gnoll shaman.
The gnoll shaman is lightly wounded.
The gnoll hits you from afar with a +0 spear.
* * * LOW HITPOINT WARNING * * *
The gnoll shaman hits you but does no damage.
The gnoll hits you from afar with a +0 spear.
You die...

*,,,,#####...'###########.#
*,,,,#..........# #.#
*,,,,#..........# #.#
#**#....#..........# #.#
..*#..).#..........# #.#
#[##....#..........# #.#
........########'#### #.#
..............g....># #.#
#.......########♣##.# #.#
**#.:...# #g##.# #)#
,,#.....########g##.# #.#
*,#.)........Z..Z##.# #.#
*,#.#+#############.# #.#
,.g,*,* #.# #.# ..*,*,* #.#
#.# .,*,*,* #.# #.# *,*,*,*
#.# #.#


You could see a gnoll shaman, 2 gnolls and a bullfrog zombie.

Vanquished Creatures
  A bullfrog zombie (D:5)
  A centaur skeleton (D:5)
  A gnoll (D:5)
  An orc (D:5)
4 creatures vanquished.

Vanquished Creatures (others)
  A plant (D:5)
1 creature vanquished.

Grand Total: 5 creatures vanquished

Notes
Turn   | Place    | Note
-------+----------+-------------------------------------------
     0 | D:5      | psuckher the Barachi Delver began the quest for the Orb.
     0 | D:5      | Reached XP level 1. HP: 18/18 MP: 1/1
    22 | D:5      | Reached skill level 5 in Stealth
    22 | D:5      | Reached XP level 2. HP: 4/25 MP: 2/2
    22 | D:5      | Reached XP level 3. HP: 5/30 MP: 3/3
   199 | D:5      | Reached XP level 4. HP: 23/37 MP: 4/4
   325 | D:5      | Found a sacrificial altar of Ru.
   671 | D:5      | Reached skill level 1 in Armour
   716 | D:5      | HP: 2/55 [gnoll (3)]
   716 | D:5      | Slain by a gnoll

Illustrated notes

Levels and vault maps discovered:
D:5:      layout_basic, mainiacjoe_overflow_surrounded_room, serial_bayou_pond_e

Skill      XL: |  1  2  3  4 |
---------------+-------------+-----
Stealth        | 5 |  5.5
Fighting       | 4 |  4.1
Armour         | 1 |  1.0
Short Blades   | |  2.4
Dodging        | |  2.4

Action                   |  1- 3 |  4- 6 || total
-------------------------+-------+-------++-------
Melee: Short sword       |    21 |    16 ||    37
       Punch             |     1 |     2 ||     3
  Use: Scroll            |       |     3 ||     3
       Potion            |       |     1 ||     1
 Stab: Sleeping          |       |     1 ||     1
Armor: Leather armour    |     7 |     1 ||     8
       Skin              |       |    30 ||    30
Dodge: Dodged            |    20 |    18 ||    38

Table legend: (Time is in decaauts)
 A = Elapsed time spent in this place.
 B = Non-inter-level travel time spent in this place.
 C = Inter-level travel time spent in this place.
 D = Time resting spent in this place.
 E = Time spent auto-exploring this place.
 F = Levels seen in this place.
 G = Mean time per level.
                   A        B        C        D        E       F      G
               +--------+--------+--------+--------+--------+-----+--------+
         Total |    842 |    818 |     24 |      0 |      0 |   1 |  842.0 |
       Dungeon |    842 |    818 |     24 |      0 |      0 |   1 |  842.0 |
               +--------+--------+--------+--------+--------+-----+--------+

Top non-repeatable levels by time:
     D:5: 842 daAuts
